 Dungeon Crawl Stone Soup version 0.28.0-45-g0d030f2227 (webtiles) character file.

Game seed: 13893749566283354547

44509 bnorton916 the Thaumaturge (level 14, -8/110 HPs)
             Began as a Barachi Ice Elementalist on Apr 5, 2022.
             Was an Elder of Cheibriados.
             Mangled by Rupert
             ... wielding a +2 great mace of holy wrath
              (34 damage)
             ... on level 3 of the Lair of Beasts.
             The game lasted 00:33:05 (19946 turns).

bnorton916 the Thaumaturge (BaIE)                  Turns: 19946, Time: 00:33:05

Health: -8/110     AC: 19    Str: 18    XL:     14   Next: 29%
Magic:  23/28      EV: 35    Int: 28    God:    Cheibriados [****..]
Gold:   588        SH:  0    Dex: 30    Spells: 17/33 levels left

rFire   . . .      SeeInvis .   x - +1 flail (vorpal)
rCold   . . .      Faith    .   (no shield)
rNeg    . . .      Spirit   .   R - +3 leather armour
rPois   .          Reflect  .   I - +0 helmet
rElec   .          Harm     .   (no cloak)
rCorr   .          Rampage  .   s - +0 pair of gloves
Will    +....                   g - +2 pair of boots
Stlth   +++.......              r - amulet of the acrobat
HPRegen 0.28/turn               y - +6 ring of dexterity
MPRegen 0.21/turn               B - +4 ring of evasion

@: ice-armoured, marked, acrobatic, freezing walls, very slow
A: amphibious, slowness 1, strong legs 2, +LOS
a: Hop, Renounce Religion, Bend Time, Temporal Distortion, Slouch


You were on level 3 of the Lair of Beasts.
You worshipped Cheibriados.
Cheibriados was greatly pleased with you.
You visited 3 branches of the dungeon, and saw 13 of its levels.

You collected 588 gold pieces.

Inventory:

Hand Weapons
 a - the +7 hand axe of Harmony {drain, rC+}
   (You took it off an orc wizard on level 6 of the Dungeon)

   A truly terrible weapon, it drains the life of any living foe it strikes.
   rC:        It protects you from cold.
 o - a +1 falchion
 v - a +2 war axe of electrocution
 x - a +1 vorpal flail (weapon)
 z - a +4 short sword
 J - a +3 halberd
 K - a +3 dagger of protection
 L - a +0 flail of holy wrath
 Q - a +0 long sword of holy wrath
Missiles
 b - 361 stones
 f - 38 poisoned darts (quivered)
 t - 3 boomerangs of dispersal
 u - 3 boomerangs
 N - 2 curare-tipped darts
Armour
 g - a +2 pair of boots (worn)
 s - a +0 pair of gloves (worn)
 I - a +0 helmet (worn)
 R - a +3 leather armour (worn)
Magical Staves
 G - a staff of poison
Jewellery
 n - a +6 ring of strength
 p - a ring of see invisible
 r - an amulet of the acrobat (around neck)
 y - a +6 ring of dexterity (left hand)
 B - a +4 ring of evasion (right hand)
Wands
 E - a wand of acid (8)
 M - a wand of mindburst (3)
 O - a wand of flame (2)
Scrolls
 d - a scroll of blinking
 e - 4 scrolls of fog
 k - 2 scrolls of enchant weapon
 A - 2 scrolls of vulnerability
 P - 2 scrolls of teleportation
Potions
 c - a potion of resistance
 h - a potion of degeneration {unknown}
 i - a potion of cancellation {unknown}
 j - 2 potions of lignification {unknown}
 l - 2 potions of curing
 m - a potion of heal wounds
 q - 2 potions of brilliance
 w - a potion of flight {unknown}
 C - 2 potions of attraction
 D - 2 potions of mutation {unknown}
 F - a potion of berserk rage {unknown}
 H - a potion of might {unknown}


   Skills:
 - Level 10.1 Fighting
 - Level 9.4 Long Blades
 - Level 4.0 Armour
 - Level 5.0 Dodging
 - Level 1.7 Stealth
 - Level 10.2 Spellcasting
 + Level 8.3 Conjurations
 - Level 7.0 Summonings
 - Level 6.7 Ice Magic
 + Level 7.6 Earth Magic
 - Level 9.6 Invocations


You had 17 spell levels left.
You knew the following spells:

 Your Spells              Type           Power      Damage    Failure   Level
a - Freeze                Ice            100%       1d11      1%          1
b - Frozen Ramparts       Ice            100%       1d12      1%          3
c - Ozocubu's Armour      Ice            51%        N/A       1%          3
d - Call Canine Familiar  Summ           52%        N/A       1%          3
e - Iron Shot             Conj/Erth      28%        9d6       26%         6

Your spell library contained the following spells:

 Spells                   Type           Power      Damage    Failure   Level
 Hailstorm                Conj/Ice       54%        3d12      2%          4
 Iskenderun's Battlesphe  Conj           57%        2d11      4%          5
 Leda's Liquefaction      Hex/Erth       17%        N/A       10%         4
 Portal Projectile        Hex/Tloc       28%        N/A       14%         3
 Spellforged Servitor     Conj/Summ      27%        N/A       86%         7


Dungeon Overview and Level Annotations

Branches:
Dungeon (9/15)             Temple (1/1) D:7            Lair (3/6) D:9
  Swamp: Lair:2-4    Shoals: Lair:2-4     Snake: Lair:2-4    Spider: Lair:2-4
    Orc: D:9-12

Altars:
Ashenzari
Cheibriados
Dithmenos
Elyvilon
Fedhas
Hepliaklqana
Makhleb
Okawaru
Ru
Sif Muna
Trog
Uskayaw
Vehumet
Wu Jian
Xom
Yredelemnul
Zin
The Shining One

Annotations:
D:8 exclusion: ice statue
Lair:2 exclusion: oklob plant
Lair:3 Rupert


Innate Abilities, Weirdness & Mutations

You are amphibious.
You cover ground slowly.
You can hop long distances.
You have an extended range of vision and can be seen from far away.


Message History

Unknown command.
You hit Rupert.
Rupert is lightly wounded.
The wall freezes Rupert.
Rupert completely misses you.
Unknown command.
The wall freezes Rupert!
Rupert roars madly and goes into a rage!
Rupert goes berserk!
The wall freezes Rupert!
Rupert misses you.
The wall freezes Rupert.
Rupert closely misses you.
The wall freezes Rupert.
Rupert hits you with a +2 great mace of holy wrath!!
The wall freezes Rupert.
Rupert barely misses you.
The wall freezes Rupert.
Rupert misses you.
The wall freezes Rupert.
Rupert hits you with a +2 great mace of holy wrath!
The wall freezes Rupert.
Rupert completely misses you.
The wall freezes Rupert!
Rupert completely misses you.
The wall freezes Rupert!
Rupert hits you with a +2 great mace of holy wrath!!
You feel much better.
The frozen ramparts melt away.
Rupert hits you with a +2 great mace of holy wrath.
Rupert hits you with a +2 great mace of holy wrath!!!
* * * LOW HITPOINT WARNING * * *
Casting: Ozocubu's Armour (safe; 1% risk of failure)
Confirm with . or Enter, or press ? or * to list all spells.
Casting: Frozen Ramparts (safe; 1% risk of failure)
Press: ? - help, Dir - look around, f - activate The walls around you are covered in ice.
The wall freezes Rupert!
Rupert barely misses you.
Unknown command.
The wall freezes Rupert.
Rupert closely misses you.
The wall freezes Rupert.
Rupert barely misses you.
The wall freezes Rupert.
Rupert completely misses you.
The wall freezes Rupert.
Rupert completely misses you.
The wall freezes Rupert.
Rupert completely misses you.
The wall freezes Rupert.
Rupert completely misses you.
The wall freezes Rupert!
Rupert completely misses you.
The wall freezes Rupert!
Rupert hits you with a +2 great mace of holy wrath!!
You die...

##.....≈≈♣ ♣≈≈P.P#
##...P≈♣♣ ♣≈≈P.##
......≈≈♣♣♣♣≈P..##
......P.P≈P≈P≈....#
.$......P≈≈P≈.....#
..........PP.....##
..................#
.................##
................@.#
#......P#.....#.@.#
##.....###..###..##
#......# #.. .#...
.......# #. .#....
#..(...# # .......#
##.....# ..##...##
##.....##...##...#
...........# ##..#


You could see Rupert (berserk).

Vanquished Creatures
  2 hydras
  A boulder beetle (Lair:1)
  4 death yaks (Lair:3)
  Urug (Lair:3)
  An ugly thing (D:9)
  A black mamba (Lair:3)
  4 cane toads
  3 komodo dragons
  3 rime drakes
  A troll (D:9)
  8 blink frogs (Lair:3)
  28 yaks
  A steam dragon (D:7)
  6 nagas (Lair:3)
  8 water moccasins
  A necrophage (D:5)
  3 orc warriors
  2 ice beasts
  A hornet zombie (D:6)
  4 centaurs
  6 wolves (Lair:3)
  2 kobold brigands
  A gnoll sergeant (D:8)
  11 bullfrogs
  A wyvern zombie (D:9)
  3 scorpions
  6 wights
  2 howler monkeys (D:5)
  2 electric eels (Lair:3)
  2 centaur zombies
  3 hounds
  A bullfrog zombie (D:7)
  6 orc priests
  A gnoll shaman (D:7)
  4 bullfrog skeletons
  Jessica (D:3)
  2 centaur skeletons
  7 orc wizards
  3 iguanas
  A hound zombie (D:5)
  A hound skeleton (D:5)
  A howler monkey zombie (D:8)
  7 gnolls
  6 adders
  3 dart slugs
  30 orcs
  3 bats
  4 endoplasms
  A giant cockroach (D:1)
  4 goblins
  2 hobgoblins (D:2)
  2 quokkas
  6 ball pythons
  2 frilled lizards (D:1)
  13 kobolds
  3 rats
236 creatures vanquished.

Vanquished Creatures (others)
  17 fungi
  43 plants
60 creatures vanquished.

Grand Total: 296 creatures vanquished

Notes
Turn   | Place    | Note
-------+----------+-------------------------------------------
     0 | D:1      | bnorton916 the Barachi Ice Elementalist began the quest for
                  | the Orb.
     0 | D:1      | Reached XP level 1. HP: 13/13 MP: 3/3
   566 | D:1      | Reached skill level 5 in Ice Magic
   881 | D:1      | Reached XP level 2. HP: 16/19 MP: 1/5
  1326 | D:2      | Found a faded altar of an unknown god.
  1388 | D:2      | Reached XP level 3. HP: 24/24 MP: 5/7
  1394 | D:2      | Found a shimmering blue altar of Sif Muna.
  1402 | D:2      | Learned a level 3 spell: Frozen Ramparts
  1406 | D:2      | Learned a level 3 spell: Ozocubu's Armour
  1817 | D:2      | Reached XP level 4. HP: 6/30 MP: 2/9
  2066 | D:3      | Noticed Jessica
  2072 | D:3      | Killed Jessica
  2418 | D:3      | Reached XP level 5. HP: 19/35 MP: 4/11
  2573 | D:3      | Found a sacrificial altar of Ru.
  3080 | D:4      | Reached skill level 1 in Armour
  3147 | D:5      | Entered Level 5 of the Dungeon
  3147 | D:5      | Noticed a necrophage
  3155 | D:5      | Killed a necrophage
  3156 | D:5      | Reached XP level 6. HP: 39/41 MP: 5/12
  3232 | D:5      | Reached skill level 1 in Fighting
  3528 | D:5      | Reached XP level 7. HP: 44/51 MP: 9/13
  5339 | D:5      | Reached skill level 5 in Dodging
  5339 | D:5      | Reached skill level 1 in Long Blades
  5616 | D:5      | Reached XP level 8. HP: 45/60 MP: 10/14
  6481 | D:6      | Found a shadowy altar of Dithmenos.
  6538 | D:6      | Reached skill level 5 in Fighting
  7457 | D:6      | Identified the +7 hand axe of Harmony {drain, rC+}
  8076 | D:7      | Reached skill level 5 in Long Blades
  8739 | D:7      | Found a shimmering blue altar of Sif Muna.
  8893 | D:7      | Reached XP level 9. HP: 71/71 MP: 11/15
  8944 | D:7      | Found a staircase to the Ecumenical Temple.
  8954 | Temple   | Entered the Ecumenical Temple
  9022 | D:7      | You fall into a shaft and drop 1 floor!
  9022 | D:8      | Found a snail-covered altar of Cheibriados.
  9099 | D:8      | Became a worshipper of Cheibriados the Contemplative
 10678 | D:8      | Reached * piety under Cheibriados
 10856 | D:8      | Reached XP level 10. HP: 74/85 MP: 5/16
 11114 | D:8      | Noticed an ice statue
 11245 | D:8      | Reached skill level 10 in Fighting
 11458 | D:9      | Reached skill level 1 in Invocations
 11527 | D:9      | Noticed a green ugly thing
 11542 | D:9      | Killed a green ugly thing
 12043 | D:9      | Reached ** piety under Cheibriados
 12050 | D:9      | Reached skill level 5 in Invocations
 12481 | D:9      | Found a staircase to the Lair.
 13210 | D:9      | Noticed a death knight
 13248 | Lair:1   | Entered Level 1 of the Lair of Beasts
 13420 | Lair:1   | Noticed a cane toad
 13430 | Lair:1   | Killed a cane toad
 13472 | Lair:1   | Noticed a six-headed hydra
 13571 | Lair:1   | Found an ornate altar of the Wu Jian Council.
 13571 | Lair:1   | Found a hide-covered altar of Uskayaw.
 13571 | Lair:1   | Noticed a boulder beetle
 13615 | Lair:1   | Killed a boulder beetle
 13616 | Lair:1   | Reached XP level 11. HP: 14/90 MP: 10/17
 14822 | Lair:1   | Killed a six-headed hydra
 15703 | Lair:2   | Learned a level 3 spell: Call Canine Familiar
 15833 | Lair:2   | Noticed an oklob plant
 15844 | Lair:2   | Reached skill level 1 in Summonings
 15863 | Lair:2   | Reached *** piety under Cheibriados
 15913 | Lair:2   | Reached skill level 5 in Spellcasting
 16435 | Lair:2   | Reached skill level 10 in Spellcasting
 16435 | Lair:2   | Reached XP level 12. HP: 97/97 MP: 18/26
 16873 | Lair:2   | Learned a level 6 spell: Iron Shot
 17210 | Lair:2   | Reached skill level 1 in Conjurations
 17210 | Lair:2   | Reached skill level 1 in Earth Magic
 18036 | Lair:3   | Reached skill level 5 in Summonings
 18159 | Lair:3   | Gained mutation: You can hop long distances. [Barachi
                  | growth]
 18159 | Lair:3   | Reached XP level 13. HP: 103/103 MP: 19/27
 18190 | Lair:3   | Reached **** piety under Cheibriados
 18618 | Lair:3   | Reached skill level 5 in Conjurations
 19094 | Lair:3   | Reached XP level 14. HP: 110/110 MP: 28/28
 19524 | Lair:3   | Noticed Urug
 19544 | Lair:3   | Killed Urug
 19922 | Lair:3   | Noticed Rupert
 19924 | Lair:3   | Paralysed by Rupert for 5 turns
 19946 | Lair:3   | Mangled by Rupert

Illustrated notes

Levels and vault maps discovered:
D:1:      dpeg_arrival_rhombi, layout_basic, serial_bayou_pond_d
D:2:      layout_rooms, basic_altar, basic_ecumenical_altar, skrybe_limestone_x
D:3:      layout_rooms, nicolae_ru_path_of_blood, uniq_jessica
D:4:      layout_rooms
D:5:      layout_loops_ring, grunt_tough_drop
D:6:      wander_river, layout_rooms, nicolae_dithmenos_the_darkroom
D:7:      layout_loops_corners, mainiacjoe_overflow_cross_hatched,
          temple_fountains, minivault_23
D:8:      cheibrodos_frozen_isle, layout_basic, mainiacjoe_overflow_brackets,
          pf_just_have_faith
D:9:      layout_cave_pods, lair_entry_dummy, serial_park_tiny_2, uniq_erica
Temple:   dshaligram_water_room_temple
Lair:1:   layout_small_grid, nzn_masters_of_martial_movement, grunt_megastairs_4
Lair:2:   layout_cave_pods, infiniplex_staircase_pool_2
Lair:3:   layout_regular_city, minmay_snake_entry_guardpost_large, serial_bayou,
          serial_bayou_pond_c, serial_bayou_lagoon_b, serial_bayou_crossing,
          serial_bayou_lagoon_a, uniq_rupert, uniq_urug

Skill      XL: |  1  2  3  4  5  6  7  8  9 10 11 12 13 14 |
---------------+-------------------------------------------+-----
Ice Magic      | 5 6 |  6.7
Spellcasting   | 3 4 10 | 10.2
Armour         | 3 4 |  4.0
Fighting       | 2 3 6 9 10 | 10.1
Dodging        | 5 |  5.0
Long Blades    | 1 5 9 |  9.4
Invocations    | 7 9 |  9.6
Summonings     | 3 5 6 7 |  7.0
Conjurations   | 4 7 8 |  8.3
Earth Magic    | 3 7 |  7.6
Stealth        | |  1.7

Action                   |  1- 3 |  4- 6 |  7- 9 | 10-12 | 13-15 || total
-------------------------+-------+-------+-------+-------+-------++-------
Melee: Unarmed           |     1 |       |       |       |       ||     1
       Falchion          |       |    15 |   165 |       |       ||   180
       Punch             |       |       |     2 |     3 |       ||     5
       Hand axe          |       |       |    57 |    55 |       ||   112
       Dagger            |       |       |       |    70 |    11 ||    81
       Flail             |       |       |       |       |     8 ||     8
Throw: Dart              |     2 |     1 |    10 |     3 |     9 ||    25
 Cast: Freeze            |    32 |    21 |     3 |       |       ||    56
       Frozen Ramparts   |     1 |    14 |    46 |    53 |    15 ||   129
       Ozocubu's Armour  |       |     2 |    23 |    24 |     9 ||    58
 Abil: Hop               |       |       |     1 |       |       ||     1
Evoke: Wand              |       |     5 |     5 |     3 |     4 ||    17
  Use: Scroll            |       |       |    12 |     8 |       ||    20
       Potion            |       |       |       |     1 |     4 ||     5
 Stab: Paralysed         |       |       |     9 |       |       ||     9
       Distracted        |       |       |       |     1 |       ||     1
Armor: Robe              |     6 |    19 |    81 |       |       ||   106
       Leather armour    |       |       |    27 |    51 |    21 ||    99
Dodge: Dodged            |    14 |    32 |   279 |   459 |   150 ||   934
